 Dungeon Crawl Stone Soup version 0.30-a0-691-g754fce4c43 (webtiles) character file.

Game seed: 17405366476741880418

11943 kae the Transmogrifier (level 11, -7/70 HPs)
             Began as a Demonspawn Transmuter on Jan 19, 2023.
             Was an Initiate of Ru.
             Killed by the air
             ... invoked by Gastronok
              (27 damage)
             ... on level 10 of the Dungeon.
             The game lasted 00:15:12 (11185 turns).

kae the Transmogrifier (Demonspawn Transmuter)     Turns: 11185, Time: 00:15:12

Health: -7/70      AC: 12    Str: 10    XL:     11   Next: 55%
Magic:  0/22       EV: 12    Int: 19    God:    Ru [......]
Gold:   612        SH:  0    Dex: 19    Spells: 3/25 levels left

rFire   + + .      SeeInvis .      - Unarmed
rCold   . . .      Faith    .    (shield currently unavailable)
rNeg    . . .      Spirit   +    a - +1 robe
rPois   .          Reflect  .    (no helmet)
rElec   .          Harm     .    (no cloak)
rCorr   .          Rampage  .    (gloves currently unavailable)
Will    .....                    w - +5 pair of boots of Polish {Dex+3}
Stlth   ++                       l - amulet "Sosob" {Spirit rF+ Regen+ Dex+2}
HPRegen 1.11/turn                F - ring of protection from fire
MPRegen 0.18/turn                (no ring)

@: lethally poisoned (-7 -> -9), blade hands, wereblooded
A: thin metallic scales 2, foul stench 3, no potion heal 1, demonic touch 2
a: End Transformation, Renounce Religion, Sacrifice Durability, Sacrifice
Experience, Sacrifice Words, Reject Sacrifices


You were on level 10 of the Dungeon.
You worshipped Ru.
Ru was noncommittal.
You had blades for hands.
You visited 2 branches of the dungeon, and saw 11 of its levels.
You also visited: Sewer.

You collected 1012 gold pieces.
You spent 400 gold pieces at shops.


Innate Abilities, Weirdness & Mutations

You have blades for hands.
Your spellcasting is less reliable in this form.
You are incapable of wielding weapons or throwing items.
You are mostly covered in thin metallic scales. (AC +3)
You frequently emit foul miasma when damaged in melee.
Potions are less effective at restoring your health.
Your touch may inflict irresistible damage on your foes.


   Skills:
 - Level 1.0 Fighting
 - Level 1.7 Dodging
 + Level 7.7 Unarmed Combat
 + Level 7.5 Spellcasting
 * Level 10.6 Transmutations
 - Level 8.6 Ice Magic
 - Level 1.6 Poison Magic


You had 3 spell levels left.
You knew the following spells:

 Your Spells              Type           Power      Damage    Failure   Level
a - Beastly Appendage     Tmut           94%        N/A       8%          1
b - Wereblood             Tmut           47%        N/A       9%          2
c - Spider Form           Tmut/Pois      30%        N/A       22%         3
d - Ice Form              Ice/Tmut       43%        N/A       21%         4
e - Blade Hands           Tmut           23%        N/A       26%         5
f - Dragon Form           Tmut           23%        N/A       96%         7

Your spell library contained the following spells:

 Spells                   Type           Power      Damage    Failure   Level
 Ignite Poison            Fire/Tmut/Pois 22%        N/A       34%         3
 Magic Dart               Conj           28%        1d4       45%         1
 Necrotise                Necr           28%        1d5       45%         1
 Call Imp                 Summ           7%         N/A       54%         2
 Mephitic Cloud           Conj/Pois/Air  9%         N/A       65%         3
 Vampiric Draining        Necr           7%         2d6       71%         3
 Irradiate                Conj/Tmut      13%        3d16      73%         5
 Sticky Flame             Conj/Fire      7%         2d3       95%         4
 Agony                    Necr           7%         N/A       99%         5
 Ignition                 Fire           3%         3d4       100%        8

Inventory:

Missiles
 d - 6 silver boomerangs
 g - 45 poisoned darts
 j - 3 javelins
 m - 93 stones
 r - 9 boomerangs
 D - 4 curare-tipped darts {=f}
 H - 3 throwing nets {=f!f}
Armour
 a - a +1 robe (worn)
 w - the +5 pair of boots of Polish (worn) {Dex+3}
   (You found it on level 7 of the Dungeon)

   Dex:       It affects your dexterity (+3).
Magical Staves
 y - a staff of fire {!a}
   (You took it off a kobold brigand on level 8 of the Dungeon)
Jewellery
 l - the amulet "Sosob" (around neck) {Spirit rF+ Regen+ Dex+2}
   (You acquired it on level 3 of the Dungeon)

   [amulet of guardian spirit]

   It causes incoming damage to be divided between your reserves of health and
   magic.
   Dex:       It affects your dexterity (+2).
   rF:        It protects you from fire.
   Regen:     It increases your rate of health regeneration.
 A - an amulet of the acrobat
   (You found it on level 5 of the Dungeon)
 F - a ring of protection from fire (left blade hand)
   (You found it on level 5 of the Dungeon)
Wands
 p - a wand of flame (55)
   (You took it off Robin on level 3 of the Dungeon)
 s - a wand of polymorph (10)
   (You found it on level 5 of the Dungeon)
 C - a wand of mindburst (9)
   (You found it on level 7 of the Dungeon)
 E - a wand of roots (5)
   (You found it on level 8 of the Dungeon)
 G - a wand of charming (4)
   (You took it off Maurice on level 10 of the Dungeon)
 K - a wand of acid (3)
   (You took it off Sonja on level 10 of the Dungeon)
Scrolls
 e - 2 scrolls of teleportation {@r4}
 h - 5 scrolls of enchant weapon
 o - 3 scrolls of fear
 t - a scroll of butterflies
 u - 3 scrolls of vulnerability {!r!r}
 v - a scroll of torment {!r}
 x - 2 scrolls of enchant armour
 z - a scroll of identify {@r1}
Potions
 b - 2 potions of lignification {!q}
 c - 2 potions of attraction {!q}
 f - a potion of invisibility
 i - 8 potions of curing {@q1}
 k - 4 potions of flight
 n - a potion of magic
 q - a potion of heal wounds {@q2}
 B - a potion of ambrosia
 I - a potion of resistance {unknown}
 J - a potion of brilliance
 L - 2 potions of degeneration {unknown}

Dungeon Overview and Level Annotations

Branches:
Dungeon (10/15) Zot: 26364  Temple (1/1) D:6 Zot: 5781    Lair (0/5) D:9
  Sewer (visited)
    Orc: D:9-12

Altars:
Ashenzari
Cheibriados
Dithmenos
Fedhas
Gozag
Hepliaklqana
Kikubaaqudgha
Makhleb
Nemelex Xobeh
Okawaru
Qazlal
Ru
Sif Muna
Trog
Uskayaw
Vehumet
Wu Jian
Xom
Yredelemnul

Shops:
D:4 :*   D:6 [

Annotations:
D:7 3 runed translucent doors, NokRude's ghost, novice DsHW
D:10 Gastronok; Lodul

.# ##.# .#
#.## .#.# .#
#..# #.#.# '#
##'## #.#.# ..
#...# #.#.# ..
#...#####.#.#
[.
#...#...#.#.#
...
#...'...#.#.#
#...#.....#@#
#...####..#ยง#
#. #...#
##.#.# #...
#...# #.#โ€ #
...# #...#
#.#)#....#
#...# #>))w..#
...## ###.#..#
#.#..# #.# .#


You could see Gastronok.


Message History

The killer bee is engulfed in dark miasma.
The killer bee looks as sick as possible!
The killer bee seems to slow down.
You feel a bit better.
You kill the killer bee! ๐Ÿ˜จ HP[+4]
You regained 4 hp, and now have 34/70 hp.
You see here a killer bee corpse. ๐Ÿ˜จ HP[+1] Unknown command.
You miss something. ๐Ÿ˜ฎ HP[+1]
You barely miss something.
Something hits you but does no damage. ๐Ÿ˜ฎ HP[+1] Unknown command.
You closely miss something.
You touch something!
Something hits you.
You emit a cloud of foul miasma! ๐Ÿ˜ฎ HP[-1] MP[+1]
You take 1 damage, and now have 36/70 hp.
The killer bee buzzes angrily.
You slice something!!
You feel a bit better.
Reactivating autopickup.
You feel a bit more experienced. ๐Ÿ˜ฎ HP[+2]
You regained 2 hp, and now have 38/70 hp.
You howl as the wereblood boils in your veins!
The orc hits you but does no damage.
Things that are here:
a +0 dagger; a +0 robe; ๐Ÿ˜ฎ HP[+1] Unknown command.
You slash the orc!
You feel a bit better.
You kill the orc!
The orc barely misses you. ๐Ÿ˜ฎ HP[+4]
You regained 4 hp, and now have 43/70 hp.
You closely miss the killer bee. Your touch misses the killer bee.
The killer bee stings you but does no damage.
The orc misses you. The killer bee stings you.
You are poisoned.
The killer bee poisons you!
You emit a cloud of foul miasma!
You slice the orc!!
You feel a bit better.
You kill the orc!
Your hands revert to their normal proportions.
You feel sick.
You hear an angry buzzing noise.
The killer bee is engulfed in dark miasma.
The killer bee is poisoned.
The killer bee stings you!
The killer bee is engulfed in dark miasma.
The killer bee looks even sicker.
The killer bee stings you.
* * * LOW HITPOINT WARNING * * *
๐Ÿ˜จ HP[-10] MP[-1]
You take 10 damage, and now have 33/70 hp.
You lost 1 mp, and now have 5/22 mp.
You miss the killer bee.
You feel sick.
The killer bee is engulfed in dark miasma.
The killer bee looks even sicker.
The killer bee barely misses you.
Gastronok the Ponderous comes into view. ๐Ÿ˜จ HP[-1] MP[+1]
You take 1 damage, and now have 32/70 hp.
You miss the killer bee.
You feel sick.
You hear an angry buzzing noise.
You feel a bit better.
You kill the killer bee! ๐Ÿ˜จ HP[+1]
You feel sick.
A killer bee comes into view.
You see here a killer bee corpse. ๐Ÿ˜จ HP[-1]
You take 1 damage, and now have 32/70 hp.
Casting: Wereblood (safe; 1% risk of failure)
Confirm with . or Enter, or press ? or * to list all spells.
Your hands turn into razor-sharp scythe blades.
You feel sick. ๐Ÿ˜จ MP[-5]
You lost 5 mp, and now have 1/22 mp.
You feel sick.
You howl as the wereblood boils in your veins!
You feel sick.
You feel sick.
You are no longer poisoned. ๐Ÿ˜จ MP[+1]
You slash the killer bee! The killer bee stings you.
* * * LOW HITPOINT WARNING * * *
You are poisoned.
The killer bee poisons you!
You emit a cloud of foul miasma!
Gastronok waves his eye-stalks in wide circles.
The air twists around and strikes you!
* * * LOW HITPOINT WARNING * * *
The killer bee is engulfed in dark miasma.
The killer bee is poisoned.
You feel a bit better.
You kill the killer bee! ๐Ÿ˜จ HP[-11] MP[-2]
You take 11 damage, and now have 21/70 hp.
You lost 2 mp, and now have 0/22 mp.
You feel very sick. ๐Ÿ˜จ HP[-2]
You take 2 damage, and now have 19/70 hp.
You feel sick.
Gastronok waves his eye-stalks in wide circles.
The air twists around and strikes you!!
You die...

Skill      XL: |  1  2  3  4  5  6  7  8  9 10 11 |
---------------+----------------------------------+-----
Transmutations | 2 3 4 5 6 8 9 10 | 10.6
Unarmed Combat | 3 4 5 6 7 |  7.7
Poison Magic   | 1 |  1.6
Spellcasting   | 3 4 5 6 7 |  7.5
Ice Magic      | 2 3 5 6 8 |  8.6
Fighting       | |  1.0
Dodging        | |  1.7

Action                   |  1- 3 |  4- 6 |  7- 9 | 10-12 || total
-------------------------+-------+-------+-------+-------++-------
Melee: Unarmed           |    57 |   210 |   230 |   158 ||   655
       Kick              |     8 |    16 |       |       ||    24
       Headbutt          |     6 |     5 |       |       ||    11
       Touch             |     4 |     7 |    21 |    39 ||    71
       Punch             |       |     1 |     4 |     7 ||    12
 Cast: Beastly Appendage |    13 |    24 |       |     1 ||    38
       Spider Form       |     2 |    16 |    12 |       ||    30
       Wereblood         |       |     1 |     6 |     6 ||    13
       Ice Form          |       |     1 |    17 |     1 ||    19
       Blade Hands       |       |       |    10 |    15 ||    25
Invok: Sacrifice Purity  |       |       |     1 |       ||     1
 Abil: End Transformatio |       |       |     1 |     1 ||     2
Evoke: Wand              |       |       |       |    12 ||    12
  Use: Scroll            |       |    16 |     6 |     5 ||    27
       Potion            |       |     1 |       |     2 ||     3
 Stab: Distracted        |       |     1 |       |       ||     1
Armor: Robe              |     9 |    34 |    28 |    80 ||   151
       Skin              |     1 |    10 |    39 |       ||    50
Dodge: Dodged            |    38 |   135 |   164 |    95 ||   432

Levels and vault maps discovered:
D:1:      wander_arrival_abandoned_jail, layout_loops_ring
D:2:      minmay_spotlight, layout_basic
D:3:      layout_basic, gup_sewer_entry_glass, mrwooster_statue_mirror,
          dk_noncrumbling_3, uniq_robin
D:4:      layout_basic, zin_purify, serial_shops, shop, minivault_4,
          minmay_misc_feat_enclosed
D:5:      layout_loops_ring, mainiacjoe_overflow_catwalk_spiral
D:6:      layout_gridville, mainiacjoe_overflow_large_starburst,
          minmay_temple_entry_statues_fountains, serial_shops,
          nicolae_shop_temple_entry_statues_fountains
D:7:      layout_basic, biasface_ghost_orc_armoury, kennysheep_generic_room_6,
          uniq_pikel
D:8:      layout_loops_cross, corexii_checkpoint_b, minmay_misc_feat_diagonals,
          minmay_ruined_shrine, uniq_grum, uniq_maggie
D:9:      layout_rooms, erik_lair_island, library_closet
D:10:     layout_basic, uniq_erolcha, uniq_maurice, uniq_sonja, uniq_harold,
          uniq_lodul, uniq_gastronok
Temple:   bh_familiar_temple

Notes
Turn   | Place    | Note
-------+----------+-------------------------------------------
     0 | D:1      | kae the Demonspawn Transmuter began the quest for the Orb.
     0 | D:1      | Reached XP level 1. HP: 15/15 MP: 3/3
     0 | D:1      | magus.rc [v1.11.3]
   155 | D:1      | Reached skill level 2 in Transmutations
   406 | D:1      | Gained mutation: Your touch may inflict minor irresistible
                  | damage on your foes. [demonic ancestry]
   406 | D:1      | Reached XP level 2. HP: 19/21 MP: 3/5
   648 | D:2      | Reached skill level 3 in Unarmed Combat
   742 | D:2      | Gained mutation: You are partially covered in thin metallic
                  | scales. (AC +2) [demonic ancestry]
   742 | D:2      | Reached XP level 3. HP: 26/26 MP: 4/6
   749 | D:2      | Learned a level 2 spell: Wereblood
   753 | D:2      | Learned a level 3 spell: Spider Form
   933 | D:2      | Reached skill level 1 in Poison Magic
  1002 | D:2      | Gained mutation: You may rarely emit foul miasma when
                  | damaged in melee. [demonic ancestry]
  1002 | D:2      | Reached XP level 4. HP: 27/32 MP: 4/7
  1044 | D:2      | Reached skill level 3 in Transmutations
  1841 | D:3      | Found a glowing drain.
  1863 | Sewer    | Entered a sewer
  2007 | Sewer    | Noticed a kobold brigand
  2023 | Sewer    | Killed a kobold brigand
  2024 | Sewer    | Reached skill level 3 in Spellcasting
  2024 | Sewer    | Reached XP level 5. HP: 24/37 MP: 2/9
  2192 | Sewer    | HP: 7/37 [poisoned by a kobold]
  2194 | Sewer    | HP: 1/37 [poisoned by a kobold]
  2388 | Sewer    | Learned a level 4 spell: Ice Form
  2574 | D:3      | Noticed Robin
  2579 | D:3      | Killed Robin
  2580 | D:3      | Reached skill level 4 in Transmutations
  2608 | D:3      | Gained mutation: Your touch may inflict irresistible damage
                  | on your foes. [demonic ancestry]
  2608 | D:3      | Reached XP level 6. HP: 36/43 MP: 6/10
  2704 | D:3      | You pick up a book of Minor Magic and begin reading...
  2704 | D:3      | You add the spells Magic Dart, Call Imp and Mephitic Cloud
                  | to your library.
  2888 | D:3      | Identified a scroll of acquirement
  2888 | D:3      | Acquired the amulet "Sosob" {Spirit rF+ Regen+ Dex+2}
  3088 | D:4      | Reached skill level 1 in Ice Magic
  3362 | D:4      | Found Muso's Book Boutique.
  3373 | D:4      | Identified the +6 long sword of Proximity {vamp, Fragile
                  | rN++ Str+5}
  3632 | D:4      | Found Zin's Purification Station.
  4047 | D:5      | Entered Level 5 of the Dungeon
  4258 | D:5      | Found a shimmering altar of Xom.
  4263 | D:5      | Found a shadowy altar of Dithmenos.
  4331 | D:5      | Reached skill level 2 in Ice Magic
  4456 | D:5      | Reached skill level 4 in Unarmed Combat
  4456 | D:5      | Gained mutation: You sometimes emit foul miasma when
                  | damaged in melee. [demonic ancestry]
  4456 | D:5      | Reached XP level 7. HP: 39/48 MP: 6/12
  4974 | D:6      | Found a staircase to the Ecumenical Temple.
  4997 | Temple   | Entered the Ecumenical Temple
  5185 | Temple   | Became a worshipper of Ru the Awakened
  5314 | D:6      | Reached skill level 5 in Transmutations
  5321 | D:6      | Found Ozatec's Armour Boutique.
  5351 | D:6      | Noticed a steam dragon
  5360 | D:6      | Killed a steam dragon
  5361 | D:6      | Reached skill level 4 in Spellcasting
  5361 | D:6      | Reached skill level 3 in Ice Magic
  5537 | D:6      | Found a stormy altar of Qazlal.
  5565 | D:6      | Reached XP level 8. HP: 52/54 MP: 11/14
  6187 | D:6      | Reached skill level 4 in Ice Magic
  6382 | D:6      | Found an ornate altar of the Wu Jian Council.
  6591 | D:7      | Identified the +5 pair of boots of Polish {Dex+3}
  6625 | D:7      | Noticed Pikel
  6720 | D:7      | Reached skill level 6 in Transmutations
  6897 | D:7      | Acquired 436 gold pieces
  7043 | D:4      | Bought a book of Transfigurations for 400 gold pieces
  7043 | D:4      | You pick up a book of Transfigurations and begin reading...
  7043 | D:4      | You add the spells Irradiate, Blade Hands and Dragon Form
                  | to your library.
  7049 | D:4      | Learned a level 5 spell: Blade Hands
  7245 | D:7      | Gained mutation: Potions are less effective at restoring
                  | your health. [Ru sacrifice]
  7320 | D:7      | Killed Pikel
  7321 | D:7      | Reached skill level 5 in Unarmed Combat
  7321 | D:7      | Reached skill level 5 in Ice Magic
  7326 | D:7      | Reached XP level 9. HP: 37/59 MP: 7/16
  7744 | D:7      | Reached skill level 5 in Spellcasting
  7794 | D:7      | Reached skill level 7 in Transmutations
  8084 | D:7      | Noticed NokRude's ghost (novice DsHW)
  8087 | D:7      | Found a runed translucent gate.
  8088 | D:7      | Found a runed translucent gate.
  8089 | D:7      | Found a runed translucent gate.
  8090 | D:7      | Identified the +1 plate armour of Too Many Cooks {rN+ Str+2
                  | Dex+5}
  8624 | D:8      | Noticed Grum
  8633 | D:8      | Reached skill level 6 in Ice Magic
  8652 | D:8      | Killed Grum
  8842 | D:8      | You pick up a book of Necromancy and begin reading...
  8842 | D:8      | You add the spells Necrotise, Vampiric Draining and Agony
                  | to your library.
  9043 | D:8      | Reached skill level 8 in Transmutations
  9047 | D:8      | Identified the +1 plate armour of the Shining Light {rPois
                  | rC+ Regen+ Dex-5}
  9155 | D:8      | Reached skill level 6 in Unarmed Combat
  9344 | D:8      | Found a broken altar of Ashenzari.
  9346 | D:8      | Noticed Maggie
  9352 | D:8      | Gained mutation: You frequently emit foul miasma when
                  | damaged in melee. [demonic ancestry]
  9352 | D:8      | Reached XP level 10. HP: 43/65 MP: 9/18
  9357 | D:8      | Killed Maggie
  9358 | D:8      | Reached skill level 7 in Ice Magic
  9399 | D:8      | Reached skill level 6 in Spellcasting
  9527 | D:8      | You add the spells Ignite Poison, Sticky Flame and Ignition
                  | to your library.
  9836 | D:9      | Found a staircase to the Lair.
 10052 | D:9      | Paralysed by a hornet for 3 turns
 10055 | D:9      | Reached skill level 9 in Transmutations
 10166 | D:9      | Reached skill level 8 in Ice Magic
 10400 | D:9      | Noticed a two-headed ogre
 10405 | D:9      | Identified the +1 chain mail of the Unbroken {Regen+ rCorr
                  | Str-3 Slay+6}
 10408 | D:9      | Killed a two-headed ogre
 10540 | D:10     | Entered Level 10 of the Dungeon
 10565 | D:10     | Noticed Maurice
 10577 | D:10     | Killed Maurice
 10578 | D:10     | Reached skill level 7 in Unarmed Combat
 10578 | D:10     | Gained mutation: You are mostly covered in thin metallic
                  | scales. (AC +3) [demonic ancestry]
 10578 | D:10     | Reached XP level 11. HP: 65/70 MP: 12/21
 10710 | D:10     | Learned a level 7 spell: Dragon Form
 10739 | D:10     | Noticed Harold
 10741 | D:10     | Noticed Sonja
 10747 | D:10     | Killed Harold
 10748 | D:10     | Reached skill level 7 in Spellcasting
 10748 | D:10     | Reached skill level 10 in Transmutations
 10758 | D:10     | HP: 13/70 [Sonja/+2 short sword of venom (6)]
 10759 | D:10     | Killed Sonja
 10883 | D:10     | Noticed Lodul
 10906 | D:10     | HP: 14/70 [Lodul/bolt of lightning (21)]
 10998 | D:10     | Identified a +2 robe of the Archmagi
 10998 | D:10     | Noticed Erolcha
 11008 | D:10     | Killed Erolcha
 11107 | D:10     | You pick up a book of Necromancy and begin reading...
 11176 | D:10     | Noticed Gastronok
 11185 | D:10     | Killed from afar by Gastronok

Vanquished Creatures
  Harold (D:10)
  Erolcha (D:10)
  A two-headed ogre (D:9)
  Sonja (D:10)
  Pikel (D:7)
  Maurice (D:10)
  A gargoyle (D:10)
  Maggie (D:8)
  4 trolls
  2 hornets
  2 wyverns (D:9)
  10 yaks
  2 steam dragons
  Grum (D:8)
  A water moccasin (D:7)
  2 ice beasts
  4 orc warriors
  2 black bears
  A sky beast (D:8)
  5 ogres
  3 wolves
  5 centaurs
  4 lemures
  5 kobold brigands
  2 bullfrogs (D:8)
  2 scorpions
  2 gnoll sergeants (D:8)
  A necrophage (D:5)
  9 wights (D:8)
  9 killer bees (D:10)
  8 howler monkeys
  2 electric eels (D:9)
  A lava snake (D:7)
  2 jellies
  6 hounds
  4 orc priests
  6 iguanas
  6 orc wizards
  Robin (D:3)
  7 gnolls
  11 adders
  3 white imps
  A dart slug (D:2)
  2 worms (Sewer)
  31 orcs
  2 bats
  8 endoplasms
  4 giant cockroaches
  12 goblins
  10 hobgoblins
  5 jackals
  6 quokkas
  7 ball pythons
  4 frilled lizards
  11 kobolds
  5 rats
251 creatures vanquished.

Table legend:
 A = Non-vault XP
 B = Vault XP
 C = Vault XP percentage of total XP
 D = Non-vault monster count
 E = Vault monster count
 F = Vault count percentage of total count
                 A         B        C        D         E       F
            +---------+---------+-------+---------+---------+-------
      Total |   10167 |    6895 |  40.4 |     175 |      72 |  29.1
            +---------+---------+-------+---------+---------+-------
        D:1 |      18 |       0 |   0.0 |      11 |       0 |   0.0
        D:2 |     113 |       6 |   5.0 |      23 |       4 |  14.8
        D:3 |      67 |      49 |  42.2 |      12 |      13 |  52.0
        D:4 |     123 |       0 |   0.0 |      12 |       0 |   0.0
        D:5 |     395 |       0 |   0.0 |      10 |       0 |   0.0
        D:6 |     834 |       0 |   0.0 |      17 |       0 |   0.0
        D:7 |     970 |     917 |  48.6 |      17 |       4 |  19.0
        D:8 |    1305 |    1671 |  56.1 |      23 |      16 |  41.0
        D:9 |    3712 |     586 |  13.6 |      23 |       6 |  20.7
       D:10 |    2630 |    3492 |  57.0 |      27 |       8 |  22.9
      Sewer |       0 |     174 | 100.0 |       0 |      21 | 100.0
            +---------+---------+-------+---------+---------+-------

Illustrated notes

Table legend:
 A = Kills in this place as a percentage of kills in entire the game.
 B = Kills by you in this place as a percentage of kills by you in the entire game.
 C = Kills by friends in this place as a percentage of kills by friends in the entire game.
 D = Other kills in this place as a percentage of other kills in the entire game.
 E = Experience gained in this place as a percentage of experience gained in the entire game.
 F = Experience gained in this place divided by the number of levels of this place that you have seen.
                   A       B       C       D       E      F
               +-------+-------+-------+-------+-------+----------------------
         Total | 100.0 | 100.0 |   N/A |   N/A | 100.0 | 1421.8
       Dungeon |  91.5 |  91.5 |   N/A |   N/A |  99.0 | 1688.8
         Sewer |   8.5 |   8.5 |   N/A |   N/A |   1.0 | 174.0
               +-------+-------+-------+-------+-------+----------------------

Table legend: (Time is in decaauts)
 A = Elapsed time spent in this place.
 B = Non-inter-level travel time spent in this place.
 C = Inter-level travel time spent in this place.
 D = Time resting spent in this place.
 E = Time spent auto-exploring this place.
 F = Levels seen in this place.
 G = Mean time per level.
                   A        B        C        D        E       F      G
               +--------+--------+--------+--------+--------+-----+--------+
         Total |  11233 |  10702 |    531 |    623 |   8078 |  12 |  936.1 |
       Dungeon |  10387 |   9914 |    473 |    611 |   7527 |  10 | 1038.7 |
        Temple |    218 |    160 |     58 |      0 |    158 |   1 |  218.0 |
         Sewer |    627 |    627 |      0 |     12 |    393 |   1 |  627.0 |
               +--------+--------+--------+--------+--------+-----+--------+

Top non-repeatable levels by time:
     D:7: 1613 daAuts
     D:6: 1588 daAuts
     D:8: 1256 daAuts
     D:4: 1197 daAuts
     D:2: 1107 daAuts
     D:5: 972 daAuts
     D:9: 762 daAuts
    D:10: 634 daAuts
     D:1: 629 daAuts
   Sewer: 627 daAuts
     D:3: 625 daAuts
  Temple: 218 daAuts
